 Dungeon Crawl Stone Soup version 0.31-a0-557-g6e16503903 (webtiles) character file.

Game seed: 16321247424799008888

5 Nevets123 the Chopper (level 1, 20/20 HPs)
             Began as a Minotaur Berserker on Aug 16, 2023.
             Was a Follower of Trog.
             Got out of the dungeon alive.
             The game lasted 00:01:19 (158 turns).

Nevets123 the Chopper (Minotaur Berserker)           Turns: 158, Time: 00:01:19

Health: 20/20      AC:  2    Str: 21    XL:     1   Next: 66%
Magic:  0/0        EV: 12    Int:  4    God:    Trog [*.....]
Gold:   36         SH:  0    Dex:  9    Spells: 0/0 levels left

rFire   . . .        a - +0 hand axe
rCold   . . .        (no shield)
rNeg    . . .        b - +0 animal skin
rPois   .            (helmet restricted)
rElec   .            (no cloak)
rCorr   .            (no gloves)
SInv    .            (no boots)
Will    .....        (no amulet)
Stlth   +            (no ring)
HPRegen 0.23/turn    (no ring)
MPRegen 0.07/turn

%: no passive effects
@: no status effects
A: horns 2, retaliatory headbutt
a: Renounce Religion, Berserk


You escaped.
You worshipped Trog.
Trog was aware of your devotion.
You visited 1 branch of the dungeon, and saw 1 of its levels.

You collected 36 gold pieces.

Inventory:

Hand Weapons
 a - a +0 hand axe (weapon)
Armour
 b - a +0 animal skin (worn)
Potions
 c - a potion of heal wounds {unknown}


   Skills:
 * Level 3.8 Fighting
 * Level 3.9 Axes
 * Level 2.4 Armour
 + Level 2.2 Dodging


You couldn't memorise any spells.
You didn't know any spells.
Your spell library was empty.

Dungeon Overview and Level Annotations

Branches:
Dungeon (1/15)

Altars:


Innate Abilities, Weirdness & Mutations

You have a pair of horns on your head.
You reflexively headbutt those who attack you in melee.


Message History

The bat barely misses you. You furiously retaliate!
You headbutt the bat!
You kill the bat!
Trog accepts your kill.
A kobold comes into view. It is wielding a +0 dagger.
Found a silvery potion.
You see here a bat corpse.
The kobold shouts!
The kobold hits you with a +0 dagger.
You slash the kobold!
You kill the kobold!
Trog accepts your kill.
Things that are here:
a +0 dagger; a kobold corpse
c - a silvery potion
Things that are here:
a +0 dagger; a kobold corpse You now have 21 gold pieces (gained 10).
You now have 36 gold pieces (gained 15).
Welcome back, Nevets123 the Minotaur Berserker.
Trog says: Kill them all!
Press ? for a list of commands and other information.
Things that are here:
a +0 dagger; a kobold corpse A hobgoblin comes into view.
The hobgoblin shouts!
A jackal comes into view. x2
Found a scroll labelled WUSYKA JADEO.
The hobgoblin barely misses you. You furiously retaliate!
You headbutt the hobgoblin. The hobgoblin attacks as you move away!
The hobgoblin completely misses you.
Found a whip.
You hit the hobgoblin but do no damage.
The hobgoblin is severely wounded.
The hobgoblin closely misses you.
You hit the hobgoblin.
You kill the hobgoblin!
Trog accepts your kill.
There is an open door here.
There is a staircase leading out of the dungeon here.
You have escaped!

..............###.....
######.##............
#.......##....#......
#.##.####.##....#.....
##..≈..##.##.#.#.....
##.#####.##.#.#.#.....
#.##.≈.##.#.#......#
#.#.###.#.# #..###.#
#.#.'@#.#.# #..# #.###
#.#.###.#.# #.## #...#
#.##...#..# #.# ###.#
##.#####.## #.# #.#
##.....## #.# #.#
####### .?# #.. .##
###


There were no monsters in sight!

Vanquished Creatures
  A bat (D:1)
  A giant cockroach (D:1)
  A hobgoblin (D:1)
  A kobold (D:1)
  A rat (D:1)
5 creatures vanquished.

Notes
Turn   | Place    | Note
-------+----------+-------------------------------------------
     0 | D:1      | Nevets123 the Minotaur Berserker began the quest for the
                  | Orb.
     0 | D:1      | Reached XP level 1. HP: 19/19 MP: 0/0
   158 | D:$      | Got out of the dungeon alive.

Illustrated notes

Levels and vault maps discovered:
D:1:      evilmike_arrival_rings, layout_basic,
          hellmonk_ecumenical_altar_watching_god, serial_shops, shop,
          minmay_tetromino_l4

Action                     || total
---------------------------++-------
  Melee: Hand axe          ||    12
         Headbutt          ||     1
    Use: Scroll            ||     1
 Armour: Animal skin       ||     3
  Dodge: Dodged            ||     9

Table legend: (Time is in decaauts)
 A = Elapsed time spent in this place.
 B = Non-inter-level travel time spent in this place.
 C = Inter-level travel time spent in this place.
 D = Time resting spent in this place.
 E = Time spent auto-exploring this place.
 F = Levels seen in this place.
 G = Mean time per level.
                   A        B        C        D        E       F      G
               +--------+--------+--------+--------+--------+-----+--------+
         Total |    159 |    159 |      0 |      0 |      7 |   1 |  159.0 |
       Dungeon |    159 |    159 |      0 |      0 |      7 |   1 |  159.0 |
               +--------+--------+--------+--------+--------+-----+--------+

Top non-repeatable levels by time:
     D:1: 159 daAuts
